| TOP OF THE 1ST |
|
Montgomery Biscuits batting - Pitching for Arkansas Travelers : RHP Sam Alexander
|
|
Pitching: RHP Sam Alexander
|
|
|
Batting: RHB Steve French
|
0-0: Ball 1-0: Fly out, F8 (Flyball, 8RXD, EV 103.1 MPH)
|
|
Batting: LHB Austin Ohmer
|
0-0: Ball 1-0: Foul Ball, location: 2F 1-1: Called Strike 1-2: Ball 2-2: Ball 3-2: Foul Ball, location: 2F 3-2: Base on Balls
|
|
Batting: RHB Wing-kit Bu
|
0-0: Ball 1-0: Foul Ball, location: 2F 1-1: Grounds out, U3 (Groundball, 3L, EV 103.8 MPH)
|
|
Batting: SHB Brett McEwen
|
0-0: Ball 1-0: Fly out, F9 (Flyball, 89M, EV 88.1 MPH)
|
| Top of the 1st over - 0 runs, 0 hits, 0 errors, 1 left on base; Montgomery 0 - Arkansas 0 |
| BOTTOM OF THE 1ST |
|
Arkansas Travelers batting - Pitching for Montgomery Biscuits : LHP Dave Lindsay
|
|
Pitching: LHP Dave Lindsay
|
|
|
Batting: RHB Bjoern Waltersson
|
0-0: Ball 1-0: Called Strike 1-1: Called Strike 1-2: Ground out 6-3 (Groundball, P, EV 82.5 MPH)
|
|
Batting: RHB Jasper Burd
|
0-0: Called Strike 0-1: Ball 1-1: Foul Ball, location: 2F 1-2: Strikes out swinging
|
|
Batting: RHB Melvin Gomez
|
0-0: Foul Ball, location: 2F 0-1: Called Strike 0-2: Foul Ball, location: 2F 0-2: Ball 1-2: Ground out 6-3 (Groundball, 6, EV 86.3 MPH)
|
| Bottom of the 1st over - 0 runs, 0 hits, 0 errors, 0 left on base; Montgomery 0 - Arkansas 0 |
| TOP OF THE 2ND |
|
Montgomery Biscuits batting - Pitching for Arkansas Travelers : RHP Sam Alexander
|
|
Batting: SHB Willie Koviak
|
0-0: Foul Ball, location: 2F 0-1: Ground out 4-3 (Groundball, 4M, EV 106.9 MPH)
|
|
Batting: LHB Barnabé Metrass
|
0-0: Ball 1-0: Ball 2-0: Foul Ball, location: 2F 2-1: Foul Ball, location: 2F 2-2: Ball 3-2: Strikes out swinging
|
|
Batting: RHB Sczlopy Hed
|
0-0: Ball 1-0: Ball 2-0: Called Strike 2-1: Swinging Strike 2-2: Fly out, F8 (Flyball, 8LXD, EV 102.5 MPH)
|
| Top of the 2nd over - 0 runs, 0 hits, 0 errors, 0 left on base; Montgomery 0 - Arkansas 0 |
| BOTTOM OF THE 2ND |
|
Arkansas Travelers batting - Pitching for Montgomery Biscuits : LHP Dave Lindsay
|
|
Batting: LHB Matt Calitri
|
0-0: Ball 1-0: Ball 2-0: Ball 3-0: Base on Balls
|
|
Batting: RHB Jose Pineda
|
0-0: Fielders Choice at 2nd, 6-4 (Groundball, 56, EV 90.0 MPH)
|
|
Batting: SHB Mario Padron
|
0-0: Called Strike 0-1: Fly out, F9 (Flyball, 9LM, EV 101.9 MPH)
|
|
Batting: LHB Sean Corderman
|
0-0: Called Strike 0-1: Foul Ball, location: 2F 0-2: Ball 1-2: Ground out 6-3 (Groundball, 4M, EV 93.1 MPH)
|
| Bottom of the 2nd over - 0 runs, 0 hits, 0 errors, 1 left on base; Montgomery 0 - Arkansas 0 |
| TOP OF THE 3RD |
|
Montgomery Biscuits batting - Pitching for Arkansas Travelers : RHP Sam Alexander
|
|
Batting: RHB Cal Winters
|
0-0: Foul Ball, location: 2F 0-1: Foul Ball, location: 2F 0-2: Strikes out swinging
|
|
Batting: RHB Devin Brown
|
0-0: Ball 1-0: Called Strike 1-1: Foul Ball, location: 2F 1-2: Strikes out swinging
|
|
Batting: RHB Steve French
|
0-0: Called Strike 0-1: Ball 1-1: Ball 2-1: Foul Ball, location: 2F 2-2: Fly out, F8 (Line Drive, 8RM, EV 86.3 MPH)
|
| Top of the 3rd over - 0 runs, 0 hits, 0 errors, 0 left on base; Montgomery 0 - Arkansas 0 |
| BOTTOM OF THE 3RD |
|
Arkansas Travelers batting - Pitching for Montgomery Biscuits : LHP Dave Lindsay
|
|
Batting: RHB David Young
|
0-0: Foul Ball, location: 2F 0-1: Ball 1-1: Ground out 5-3 (Groundball, 5L, EV 106.9 MPH)
|
|
Batting: RHB Roberto Martinez
|
0-0: Called Strike 0-1: Ball 1-1: Swinging Strike 1-2: Strikes out swinging
|
|
Batting: RHB Bjoern Waltersson
|
0-0: Ball 1-0: Ball 2-0: SINGLE (Groundball, 25, EV 68.8 MPH) (infield hit)
|
|
Batting: RHB Jasper Burd
|
0-0: Ball 1-0: Called Strike 1-1: Called Strike 1-2: Ball Bjoern Waltersson is caught stealing 2nd base 2-4
|
| Bottom of the 3rd over - 0 runs, 1 hit, 0 errors, 0 left on base; Montgomery 0 - Arkansas 0 |
| TOP OF THE 4TH |
|
Montgomery Biscuits batting - Pitching for Arkansas Travelers : RHP Sam Alexander
|
|
Batting: LHB Austin Ohmer
|
0-0: Foul Ball, location: 2F 0-1: Ground out 4-3 (Groundball, 4, EV 91.9 MPH)
|
|
Batting: RHB Wing-kit Bu
|
0-0: Swinging Strike 0-1: SINGLE (Groundball, 6S, EV 68.8 MPH) (infield hit)
|
|
Batting: SHB Brett McEwen
|
0-0: Called Strike 0-1: Swinging Strike 0-2: Fly out, F8 (Flyball, 8LS, EV 92.5 MPH)
|
|
Batting: SHB Willie Koviak
|
0-0: Ball 1-0: Called Strike Wing-kit Bu steals 2nd base 1-1: Foul Ball, location: 2F 1-2: Ball 2-2: Strikes out swinging
|
| Top of the 4th over - 0 runs, 1 hit, 0 errors, 1 left on base; Montgomery 0 - Arkansas 0 |
| BOTTOM OF THE 4TH |
|
Arkansas Travelers batting - Pitching for Montgomery Biscuits : LHP Dave Lindsay
|
|
Batting: RHB Jasper Burd
|
0-0: Called Strike 0-1: DOUBLE (Groundball, 5L, EV 104.4 MPH)
|
|
Batting: RHB Melvin Gomez
|
0-0: Ball 1-0: Swinging Strike 1-1: Ball 2-1: Ball 3-1: Base on Balls
|
|
Batting: LHB Matt Calitri
|
0-0: Ball 1-0: Ball 2-0: SINGLE (Groundball, 4D, EV 95.0 MPH) Jasper Burd to third Melvin Gomez to second
|
|
Batting: RHB Jose Pineda
|
0-0: Ball 1-0: Called Strike 1-1: Ball 2-1: DOUBLE (Line Drive, 89D, EV 101.3 MPH) Jasper Burd scores Melvin Gomez scores Matt Calitri to third Runner from 3rd tries for Home, throw by CF and OUT! 8-4-2 Jose Pineda to third
|
|
Batting: SHB Mario Padron
|
0-0: Ball 1-0: Called Strike 1-1: Ball Steal of home, Jose Pineda is safe 2-1: Called Strike 2-2: Ball 3-2: Foul Ball, location: 2F 3-2: Fly out, F9 (Flyball, 9LS, EV 89.4 MPH)
|
|
Batting: LHB Sean Corderman
|
0-0: Ball 1-0: Called Strike 1-1: Ball 2-1: Swinging Strike 2-2: Foul Ball, location: 2F 2-2: Ball 3-2: Ground out 6-3 (Groundball, 4, EV 82.5 MPH)
|
| Bottom of the 4th over - 3 runs, 3 hits, 0 errors, 0 left on base; Montgomery 0 - Arkansas 3 |
| TOP OF THE 5TH |
|
Montgomery Biscuits batting - Pitching for Arkansas Travelers : RHP Sam Alexander
|
|
Batting: LHB Barnabé Metrass
|
0-0: Ball 1-0: DOUBLE (Flyball, 89D, EV 88.1 MPH)
|
|
Batting: RHB Sczlopy Hed
|
0-0: Swinging Strike 0-1: Fly out, F4 (Flyball, 4D, EV 84.4 MPH)
|
|
Batting: RHB Cal Winters
|
0-0: Ball 1-0: Called Strike 1-1: Ball 2-1: Swinging Strike 2-2: Ball 3-2: Foul Ball, location: 2F 3-2: Fly out, F9 (Flyball, 9LS, EV 76.9 MPH)
|
|
Batting: RHB Devin Brown
|
0-0: Ball 1-0: Called Strike 1-1: SINGLE (Groundball, 6MD, EV 103.1 MPH) Barnabé Metrass to third Runner from 3rd tries for Home, SAFE, throw by CF to home
|
|
Batting: RHB Steve French
|
0-0: Called Strike 0-1: Called Strike 0-2: Ball 1-2: Foul Ball, location: 2F 1-2: Foul Ball, location: 2F 1-2: Ball 2-2: Foul Ball, location: 2F 2-2: DOUBLE (Flyball, 78D, EV 115.6 MPH) Devin Brown to third
|
|
Batting: LHB Austin Ohmer
|
0-0: Called Strike 0-1: SINGLE (Groundball, 34D, EV 103.1 MPH) Devin Brown scores Steve French to third Runner from 3rd tries for Home, SAFE, throw by RF to home Austin Ohmer to second
|
|
Batting: RHB Wing-kit Bu
|
0-0: 2-RUN HOME RUN (Flyball, 7D, EV 97.5 MPH), Distance : 377 ft
|
|
Pitching: RHP Chad Baxter
|
|
|
Batting: SHB Brett McEwen
|
0-0: Ball 1-0: Ball 2-0: Ball 3-0: Called Strike 3-1: Ground out 1-3 (Groundball, 15, EV 68.1 MPH)
|
| Top of the 5th over - 5 runs, 5 hits, 0 errors, 0 left on base; Montgomery 5 - Arkansas 3 |
| BOTTOM OF THE 5TH |
|
Arkansas Travelers batting - Pitching for Montgomery Biscuits : LHP Dave Lindsay
|
|
Batting: RHB David Young
|
0-0: Ball 1-0: Ground out 6-3 (Groundball, 6, EV 105.6 MPH)
|
|
Batting: RHB Roberto Martinez
|
0-0: Called Strike 0-1: Ball 1-1: Foul Ball, location: 2F 1-2: Strikes out looking
|
|
Batting: RHB Bjoern Waltersson
|
0-0: Ground out 5-3 (Groundball, 5L, EV 92.5 MPH)
|
| Bottom of the 5th over - 0 runs, 0 hits, 0 errors, 0 left on base; Montgomery 5 - Arkansas 3 |
| TOP OF THE 6TH |
|
Montgomery Biscuits batting - Pitching for Arkansas Travelers : RHP Chad Baxter
|
|
Batting: SHB Willie Koviak
|
0-0: Ball 1-0: Called Strike 1-1: Fly out, F9 (Flyball, 89D, EV 90.0 MPH)
|
|
Batting: LHB Barnabé Metrass
|
0-0: Ball 1-0: Swinging Strike 1-1: Ball 2-1: Reached on error, E8 (Line Drive, 8LD, EV 96.9 MPH)
|
|
Batting: RHB Sczlopy Hed
|
0-0: Foul Ball, location: 2F 0-1: Swinging Strike 0-2: Strikes out swinging
|
|
Batting: RHB Cal Winters
|
0-0: Foul Ball, location: 2F 0-1: Ground out 6-3 (Groundball, 6, EV 89.4 MPH)
|
| Top of the 6th over - 0 runs, 0 hits, 1 error, 1 left on base; Montgomery 5 - Arkansas 3 |
| BOTTOM OF THE 6TH |
|
Arkansas Travelers batting - Pitching for Montgomery Biscuits : LHP Dave Lindsay
|
|
Batting: RHB Jasper Burd
|
0-0: Swinging Strike 0-1: Called Strike 0-2: Foul Ball, location: 2F 0-2: Ball 1-2: Foul Ball, location: 2F 1-2: Fly out, F4 (Popup, 23, EV 86.3 MPH)
|
|
Batting: RHB Melvin Gomez
|
0-0: Ball 1-0: Fly out, F8 (Flyball, 8LXD, EV 97.5 MPH)
|
|
Batting: LHB Matt Calitri
|
0-0: Ball 1-0: Called Strike 1-1: Swinging Strike 1-2: Ground out U3 (Groundball, 3, EV 92.5 MPH)
|
| Bottom of the 6th over - 0 runs, 0 hits, 0 errors, 0 left on base; Montgomery 5 - Arkansas 3 |
| TOP OF THE 7TH |
|
Montgomery Biscuits batting - Pitching for Arkansas Travelers : RHP Chad Baxter
|
|
Batting: RHB Devin Brown
|
0-0: Ball 1-0: Called Strike 1-1: Ground out 4-3 (Groundball, 4M, EV 82.5 MPH)
|
|
Batting: RHB Steve French
|
0-0: Ball 1-0: Ball 2-0: Called Strike 2-1: Foul Ball, location: 2F 2-2: Ball 3-2: DOUBLE (Line Drive, 78M, EV 99.4 MPH)
|
|
Batting: LHB Austin Ohmer
|
0-0: Intentional Walk
|
|
Batting: RHB Wing-kit Bu
|
0-0: Ball 1-0: Fielders Choice at 2nd, 1-6 (Groundball, 34S, EV 71.3 MPH) Steve French to third
|
|
Batting: SHB Brett McEwen
|
0-0: Called Strike 0-1: Foul Ball, location: 2F Pickoff Throw to First - Error! E1 Steve French scores Wing-kit Bu to second 0-2: Ball 1-2: Ball 2-2: Strikes out swinging
|
| Top of the 7th over - 1 run, 1 hit, 1 error, 1 left on base; Montgomery 6 - Arkansas 3 |
| BOTTOM OF THE 7TH |
|
Arkansas Travelers batting - Pitching for Montgomery Biscuits : LHP Dave Lindsay
|
|
Batting: RHB Jose Pineda
|
0-0: Foul Ball, location: 2F 0-1: Ball 1-1: Ball 2-1: Ball 3-1: Fly out, F4 (Flyball, 34D, EV 91.3 MPH)
|
|
Batting: SHB Mario Padron
|
0-0: Called Strike 0-1: Ball 1-1: Ball 2-1: Foul Ball, location: 2F 2-2: Strikes out looking
|
|
Batting: LHB Sean Corderman
|
0-0: Ball 1-0: Ball 2-0: Called Strike 2-1: Ball 3-1: Swinging Strike 3-2: Base on Balls
|
|
Pitching: RHP Miguel Romero
|
|
|
Batting: RHB David Young
|
0-0: Called Strike 0-1: Ball 1-1: Foul Ball, location: 2F 1-2: Foul Ball, location: 2F 1-2: Strikes out swinging
|
| Bottom of the 7th over - 0 runs, 0 hits, 0 errors, 1 left on base; Montgomery 6 - Arkansas 3 |
| TOP OF THE 8TH |
|
Montgomery Biscuits batting - Pitching for Arkansas Travelers : RHP Chad Baxter
|
|
Pitching: RHP Jason Smallwood
|
|
|
Batting: SHB Willie Koviak
|
0-0: Ball 1-0: Ball 2-0: Foul Ball, location: 2F 2-1: Foul Ball, location: 2F 2-2: Ball 3-2: Fly out, F9 (Flyball, 9, EV 93.1 MPH)
|
|
Batting: LHB Barnabé Metrass
|
0-0: Ball 1-0: Called Strike 1-1: Ball 2-1: Foul Ball, location: 2F 2-2: Ball 3-2: Strikes out swinging
|
|
Batting: RHB Sczlopy Hed
|
0-0: Swinging Strike 0-1: Swinging Strike 0-2: Foul Ball, location: 2F 0-2: Foul Ball, location: 2F 0-2: Ground out 6-3 (Groundball, 56, EV 103.8 MPH)
|
| Top of the 8th over - 0 runs, 0 hits, 0 errors, 0 left on base; Montgomery 6 - Arkansas 3 |
| BOTTOM OF THE 8TH |
|
Arkansas Travelers batting - Pitching for Montgomery Biscuits : RHP Miguel Romero
|
|
Batting: RHB Roberto Martinez
|
0-0: Swinging Strike 0-1: Called Strike 0-2: Ball 1-2: Ball 2-2: Strikes out looking
|
|
Batting: RHB Bjoern Waltersson
|
0-0: Ground out 1-3 (Groundball, 13S, EV 68.1 MPH)
|
|
Batting: RHB Jasper Burd
|
0-0: Swinging Strike 0-1: Ground out 4-3 (Groundball, 4MD, EV 75.6 MPH)
|
| Bottom of the 8th over - 0 runs, 0 hits, 0 errors, 0 left on base; Montgomery 6 - Arkansas 3 |
| TOP OF THE 9TH |
|
Montgomery Biscuits batting - Pitching for Arkansas Travelers : RHP Jason Smallwood
|
|
Batting: RHB Cal Winters
|
0-0: Called Strike 0-1: Ball 1-1: Foul Ball, location: 2F 1-2: Ball 2-2: SINGLE (Line Drive, 8LS, EV 108.8 MPH)
|
|
Batting: RHB Devin Brown
|
0-0: Swinging Strike 0-1: Grounds into double play, 6-4-3 (Groundball, 6, EV 84.4 MPH)
|
|
Batting: RHB Steve French
|
0-0: Ball 1-0: Swinging Strike 1-1: Swinging Strike 1-2: Foul Ball, location: 2F 1-2: Ball 2-2: Foul Ball, location: 2F 2-2: SINGLE (Line Drive, 34D, EV 111.9 MPH)
|
|
Batting: LHB Austin Ohmer
|
0-0: Ball 1-0: Foul Ball, location: 2F 1-1: Ball 2-1: Ball 3-1: Foul Ball, location: 2F 3-2: Strikes out swinging
|
| Top of the 9th over - 0 runs, 2 hits, 0 errors, 1 left on base; Montgomery 6 - Arkansas 3 |
| BOTTOM OF THE 9TH |
|
Arkansas Travelers batting - Pitching for Montgomery Biscuits : RHP Miguel Romero
|
|
Pitching: LHP Sam Wesman
|
|
|
Batting: RHB Melvin Gomez
|
0-0: Ball 1-0: Ball 2-0: Ball 3-0: Base on Balls
|
|
Batting: LHB Matt Calitri
|
0-0: Called Strike 0-1: Ball 1-1: Called Strike 1-2: Grounds into double play, 5-4-3 (Groundball, 5, EV 106.3 MPH)
|
|
Batting: RHB Jose Pineda
|
0-0: Called Strike 0-1: Foul Ball, location: 2F 0-2: Ball 1-2: SINGLE (Groundball, 4MS, EV 61.9 MPH) (infield hit)
|
|
Batting: SHB Mario Padron
|
0-0: Ball 1-0: Ball 2-0: Fly out, F8 (Flyball, 89M, EV 78.8 MPH)
|
| Bottom of the 9th over - 0 runs, 1 hit, 0 errors, 1 left on base; Montgomery 6 - Arkansas 3 |
|